 Dungeon Crawl Stone Soup version 0.29-a0-1019-g84f7d21838 (webtiles) character file.

Game seed: 5551159260303913217

347 IdlyInterested the Nimble (level 6, -4/47 HPs)
             Began as a Demonspawn Gladiator on Aug 10, 2022.
             Succumbed to Robin's poison
             ... on level 4 of the Dungeon.
             The game lasted 00:12:02 (3916 turns).

IdlyInterested the Nimble (Demonspawn Gladiator)    Turns: 3916, Time: 00:12:02

Health: -4/47      AC: 10    Str: 14    XL:     6   Next: 33%
Magic:  6/6        EV: 16    Int:  9    God:
Gold:   1215       SH:  0    Dex: 17    Spells: 5/5 levels left

rFire   + . .      SeeInvis .   a - +1 rapier (chaos)
rCold   . . .      Faith    .   (no shield)
rNeg    . . .      Spirit   .   l - +0 ring mail
rPois   .          Reflect  .   c - +0 helmet
rElec   .          Harm     .   b - +0 cloak
rCorr   .          Rampage  .   (no gloves)
Will    .....                   f - +0 pair of boots
Stlth   +.........              (no amulet)
HPRegen 0.15/turn               (no ring)
MPRegen 0.10/turn               (no ring)

@: lethally poisoned (-4 -> -31)
A: claws 2, yellow scales 1, deterioration 1, fire resistance 1
a: no special abilities


You were on level 4 of the Dungeon.
You visited 1 branch of the dungeon, and saw 4 of its levels.

You collected 1215 gold pieces.

Inventory:

Hand Weapons
 a - a +1 rapier of chaos (weapon)
 w - a +0 short sword
Missiles
 e - a javelin (quivered)
 i - 3 throwing nets
Armour
 b - a +0 cloak (worn)
 c - a +0 helmet (worn)
 d - an orb of guile
 f - a +0 pair of boots (worn)
 h - a +0 cloak
 k - a +0 cloak
 l - a +0 ring mail (worn)
 m - a +0 cloak
 n - a +0 cloak
 r - a +0 hat
 y - a +0 ring mail
Scrolls
 g - a scroll of summoning
Potions
 j - a potion of magic
 v - a potion of ambrosia


   Skills:
 + Level 3.5 Fighting
 * Level 4.8 Short Blades
 - Level 1.7 Throwing
 - Level 11.3 Dodging


You had 5 spell levels left.
You didn't know any spells.
Your spell library was empty.

Dungeon Overview and Level Annotations

Branches:
Dungeon (4/15)
 Temple: D:4-7

Altars:
Cheibriados
Xom
Yredelemnul

Annotations:
D:4 Robin


Innate Abilities, Weirdness & Mutations

You have very sharp fingernails.
You are partially covered in yellow scales. (AC +2)
Your body sometimes deteriorates upon taking damage.
Your flesh is heat resistant. (rF+)


Message History

The hobgoblin misses you.
Robin roars a battlecry!
You hear a shout!
You hit the hobgoblin.
The hobgoblin goes berserk!
The hobgoblin is severely wounded.
The hobgoblin closely misses you.
Robin hits you from afar with a +2 trident of venom.
You are poisoned.
You puncture the hobgoblin!
You kill the hobgoblin!
You feel very sick.
Robin laughs in a distinctly smug fashion.
Robin barely misses you. 2 hobgoblins come into view.
You feel sick.
The goblin shouts!
The hobgoblin shouts! x2
Robin roars a battlecry!
The goblin goes into a battle-frenzy!
Items here: )) †††.
You hit Robin.
Robin is lightly wounded.
You feel sick.
You hit Robin.
Robin goes berserk!
Robin is heavily wounded.
You feel sick.
Robin hits you with a +2 trident of venom.
You are more poisoned.
Robin attacks as you move away!
Robin hits you with a +2 trident of venom!
You are lethally poisoned!
* * * LOW HITPOINT WARNING * * *
You feel very sick.
Robin hits you from afar with a +2 trident of venom.
* * * LOW HITPOINT WARNING * * *
You are more poisoned.
Robin misses you.
* * * LOW HITPOINT WARNING * * *
You feel extremely sick.
Robin rages.
You die... ...##.:#g.... .. ..... .. .#. . .g.ggg.g

.... #.)..##g ..#.
..<.##. ####....
....##g###....#
....g.ggg.....####
....#####.........
# #.@.##### #.#:#
###.# ##


You could see 3 hobgoblins.

Vanquished Creatures
  An orc wizard (D:3)
  5 adders
  2 adder zombies (D:2)
  3 dart slugs
  5 orcs (D:3)
  12 bats
  8 endoplasms
  4 giant cockroaches
  2 hobgoblins (D:4)
  3 jackals (D:1)
  7 kobolds
  4 quokkas (D:2)
  10 ball pythons
  4 frilled lizards
  A giant cockroach zombie (D:2)
  13 goblins
  A quokka skeleton (D:2)
  6 rats
91 creatures vanquished.

Vanquished Creatures (collateral kills)
  A goblin (D:3)
1 creature vanquished.

Grand Total: 92 creatures vanquished

Notes
Turn   | Place    | Note
-------+----------+-------------------------------------------
     0 | D:1      | IdlyInterested the Demonspawn Gladiator began the quest for
                  | the Orb.
     0 | D:1      | Reached XP level 1. HP: 16/16 MP: 1/1
   257 | D:1      | Gained mutation: You have sharp fingernails. [demonic
                  | ancestry]
   257 | D:1      | Reached XP level 2. HP: 19/22 MP: 2/2
   629 | D:1      | Found a faded altar of an unknown god.
  1122 | D:2      | Gained mutation: You are partially covered in yellow
                  | scales. (AC +2) [demonic ancestry]
  1122 | D:2      | Reached XP level 3. HP: 28/28 MP: 3/3
  1665 | D:2      | Reached XP level 4. HP: 34/34 MP: 4/4
  2270 | D:3      | Gained mutation: Your body sometimes deteriorates upon
                  | taking damage. [potion of mutation]
  2270 | D:3      | Gained mutation: Your flesh is heat resistant. (rF+)
                  | [potion of mutation]
  2277 | D:3      | Gained mutation: You have very sharp fingernails. [demonic
                  | ancestry]
  2277 | D:3      | Reached XP level 5. HP: 5/41 MP: 5/5
  2806 | D:3      | Identified a scroll of acquirement
  2806 | D:3      | Acquired 1042 gold pieces
  3134 | D:3      | Found a snail-covered altar of Cheibriados.
  3302 | D:3      | Found a basalt altar of Yredelemnul.
  3304 | D:3      | Noticed a profane servitor
  3326 | D:3      | Noticed an angel
  3514 | D:3      | Found a shimmering altar of Xom.
  3858 | D:3      | Reached skill level 11 in Dodging
  3858 | D:3      | Reached XP level 6. HP: 47/47 MP: 6/6
  3902 | D:4      | Noticed Robin
  3915 | D:4      | HP: 2/47 [poisoned by Robin]
  3916 | D:4      | Succumbed to Robin's poison

Illustrated notes

Levels and vault maps discovered:
D:1:      dpeg_arrival_erosion, layout_basic,
          ebering_ecumenical_altar_sacrificial
D:2:      minmay_thinvault, layout_basic, serial_undead, serial_undead_f,
          serial_undead_d, serial_undead_f, serial_undead_d
D:3:      layout_loops_corners, grunt_temple_overflow_holy_war,
          kennysheep_slug_shrine, old_standard_altar,
          nicolae_concentric_dashed_squares_wild
D:4:      layout_basic, nicolae_dithmenos_through_a_glass_darkly,
          jmf_multi_god_temple, serial_shops, shop_fountains,
          nicolae_shop_statue_plus, uniq_ijyb, uniq_robin, uniq_menkaure,
          uniq_crazy_yiuf_cottage

Skill      XL: |  1  2  3  4  5 |
---------------+----------------+-----
Short Blades   | 3 4 |  4.8
Fighting       | 3 |  3.5
Dodging        | 11 | 11.3
Throwing       | |  1.7

Action                   |  1- 3 |  4- 6 || total
-------------------------+-------+-------++-------
Melee: Rapier            |   124 |   160 ||   284
       Punch             |       |     2 ||     2
Throw: Throwing net      |       |     3 ||     3
       Javelin           |       |     1 ||     1
  Use: Scroll            |     4 |     7 ||    11
       Potion            |     1 |     3 ||     4
 Stab: Sleeping          |     1 |       ||     1
Armor: Leather armour    |    36 |       ||    36
       Ring mail         |    22 |    75 ||    97
Dodge: Dodged            |   112 |    74 ||   186

Table legend: (Time is in decaauts)
 A = Elapsed time spent in this place.
 B = Non-inter-level travel time spent in this place.
 C = Inter-level travel time spent in this place.
 D = Time resting spent in this place.
 E = Time spent auto-exploring this place.
 F = Levels seen in this place.
 G = Mean time per level.
                   A        B        C        D        E       F      G
               +--------+--------+--------+--------+--------+-----+--------+
         Total |   3921 |   3489 |    432 |    482 |   2053 |   4 |  980.2 |
       Dungeon |   3921 |   3489 |    432 |    482 |   2053 |   4 |  980.2 |
               +--------+--------+--------+--------+--------+-----+--------+

Top non-repeatable levels by time:
     D:3: 1450 daAuts
     D:2: 1405 daAuts
     D:1: 1045 daAuts
     D:4: 20 daAuts
